 Dungeon Crawl Stone Soup version 0.29.1-2-gbd0b4ee654 (webtiles) character file.

Game seed: 4531905072862529271

25 safid the Shooter (level 2, 0/26 HPs)
             Began as a Minotaur Hunter on Nov 4, 2022.
             Slain by a gnoll
             ... wielding a +0 spear
              (5 damage)
             ... on level 2 of the Dungeon.
             The game lasted 00:00:57 (860 turns).

safid the Shooter (Minotaur Hunter)                  Turns: 860, Time: 00:00:58

Health: 0/26       AC:  3    Str: 15    XL:     2   Next: 86%
Magic:  1/1        EV: 12    Int:  6    God:
Gold:   75         SH:  0    Dex: 13    Spells: 1/1 levels left

rFire   . . .      SeeInvis .   a - +0 shortbow
rCold   . . .      Faith    .   (shield currently unavailable)
rNeg    . . .      Spirit   .   c - +0 leather armour
rPois   .          Reflect  .   (helmet restricted)
rElec   .          Harm     .   (no cloak)
rCorr   .          Rampage  .   (no gloves)
Will    .....                   (no boots)
Stlth   +.........              (no amulet)
HPRegen 0.08/turn               (no ring)
MPRegen 0.07/turn               (no ring)

@: no status effects
A: horns 2, retaliatory headbutt
a: no special abilities


You were on level 2 of the Dungeon.
You visited 1 branch of the dungeon, and saw 2 of its levels.

You collected 75 gold pieces.

Inventory:

Hand Weapons
 a - a +0 shortbow (weapon)
Armour
 c - a +0 leather armour (worn)
Scrolls
 b - a scroll of immolation
 d - 3 scrolls of identify {unknown}
 f - a scroll of noise {unknown}
 g - a scroll of blinking {unknown}
 h - a scroll of vulnerability {unknown}
Potions
 e - a potion of degeneration {unknown}


   Skills:
 + Level 3.4 Fighting
 + Level 4.9 Ranged Weapons
 - Level 2.1 Dodging
 - Level 0.7 Stealth


You had one spell level left.
You didn't know any spells.
Your spell library contained the following spells:

 Spells                   Type           Power      Damage    Failure   Level
 Sting                    Tmut/Pois      0%         1d3       52%         1
 Poisonous Vapours        Pois/Air       0%         N/A       67%         2
 Olgreb's Toxic Radiance  Pois           0%         N/A       99%         4


Dungeon Overview and Level Annotations

Branches:
Dungeon (2/15)

Altars:


Innate Abilities, Weirdness & Mutations

You have a pair of horns on your head.
You reflexively headbutt those who attack you in melee.


Message History

The rat is heavily wounded.
You shoot an arrow. The arrow hits the rat.
You kill the rat!
No target in view!
No target in view!
No target in view!
You see here a rat corpse.
A bat comes into view.
The bat moves out of view.
Found a ruby ring.
You shoot an arrow. The arrow closely misses the bat.
You hear a shout! x3
The bat hits you but does no damage.
A gnoll comes into view. It is wielding a +0 flail.
You shoot an arrow. The arrow completely misses the bat.
The bat hits you but does no damage.
You shoot an arrow. The arrow closely misses the bat.
The bat barely misses you.
A gnoll comes into view. It is wielding a +0 spear.
You shoot an arrow. The arrow closely misses the gnoll.
The bat hits you but does no damage. The gnoll closely misses you.
The gnoll hits you with a +0 flail! The gnoll hits you but does no damage.
A gnoll comes into view. It is wielding a +0 spear.
You shoot an arrow. The arrow hits the gnoll.
The gnoll is moderately wounded.
The bat hits you but does no damage. The gnoll misses you.
The gnoll hits you but does no damage. The bat barely misses you.
You shoot an arrow. The arrow hits the gnoll.
The gnoll is severely wounded.
The bat barely misses you. The bat closely misses you.
The gnoll hits you with a +0 flail.
The gnoll hits you from afar with a +0 spear!
* * * LOW HITPOINT WARNING * * *
You are too injured to fight recklessly!
You are too injured to fight recklessly!
Unknown command.
The bat misses you. x2; You furiously retaliate!
You headbutt the bat!
You kill the bat!
The gnoll hits you from afar with a +0 spear.
You die...

# ##.############
...............
...............
########........ ######
#......@g#...=..
#≈≈≈≈≈##.##†....g...###
≈≈≈≈≈≈≈#.##.#####g#.#
≈≈≈≈≈≈≈#.##.# .# #
...8...'.##.# #
≈≈≈≈≈≈≈#.##.#
≈≈≈≈≈≈≈#.##.#
#≈≈≈≈≈##.##.# ######
#.##.#


You could see 3 gnolls.

Vanquished Creatures
  A ball python (D:1)
  A bat (D:2)
  5 endoplasms (D:1)
  2 giant cockroaches
  3 goblins (D:1)
  A hobgoblin (D:1)
  A frilled lizard (D:1)
  5 kobolds (D:1)
  5 rats
24 creatures vanquished.

Notes
Turn   | Place    | Note
-------+----------+-------------------------------------------
     0 | D:1      | safid the Minotaur Hunter began the quest for the Orb.
     0 | D:1      | Reached XP level 1. HP: 18/18 MP: 0/0
   165 | D:1      | Reached XP level 2. HP: 25/25 MP: 1/1
   860 | D:2      | Slain by a gnoll

Illustrated notes

Levels and vault maps discovered:
D:1:      dpeg_arrival_castle, layout_basic
D:2:      layout_basic, nicolae_ecumenical_oubliette, kennysheep_flooded_box

Skill      XL: |  1  2 |
---------------+-------+-----
Fighting       | 3 |  3.4
Ranged Weapons | |  4.9
Dodging        | |  2.1
Stealth        | |  0.7

Action                   || total
-------------------------++-------
 Fire: Shortbow          ||    56
Armor: Leather armour    ||     7
Dodge: Dodged            ||    12
